 Dungeon Crawl Stone Soup version 0.19.0-2-gae57169 (webtiles) character file.

47 Patchouli the Grasshopper (level 3, -1/18 HPs)
             Began as a Spriggan Warper on Nov 4, 2016.
             Slain by an ogre
             ... wielding a +0 giant spiked club
              (9 damage)
             ... on level 4 of the Dungeon.
             The game lasted 00:08:11 (1006 turns).

Patchouli the Grasshopper (Spriggan Warper)         Turns: 1006, Time: 00:08:12

Health: -1/18      AC:  3    Str:  7    XL:     3   Next: 48%
Magic:  3/8        EV: 19    Int: 14    God:
Gold:   107        SH:  0    Dex: 16    Spells: 3 memorised, 1 level left

rFire  . . .     SeeInvis +     a - +1 short sword
rCold  . . .     Gourm    .     b - +1 robe
rNeg   . . .     Faith    .     (shield restricted)
rPois  .         Spirit   .     (helmet restricted)
rElec  .         Reflect  .     (no cloak)
rCorr  .         Harm     .     (gloves unavailable)
MR     .....                    (boots unavailable)
Stlth  +.........               (no amulet)
                                (no ring)
                                l - ring of wizardry

@: shrouded, flying, very quick
A: unfitting armour, see invisible, herbivore 3, speed 3, slow metabolism 2
a: no special abilities


You were on level 4 of the Dungeon.
You were not hungry.

You visited 1 branch of the dungeon, and saw 5 of its levels.

You collected 107 gold pieces.

Inventory:

Hand Weapons
 a - a +1 short sword (weapon)
Armour
 b - a +1 robe (worn)
Jewellery
 e - an uncursed ring of teleportation
 l - a ring of wizardry (left hand)
Scrolls
 d - a scroll of blinking
 i - a scroll of random uselessness
 k - 3 scrolls of fog
Potions
 j - a potion of mutation
Books
 c - a book of Spatial Translocations

   Spells                             Type                      Level
   a - Blink                          Translocation                2
   b - Shroud of Golubria             Charms/Translocation         2
   c - Lesser Beckoning               Translocation                3
   d - Portal Projectile              Translocation                3
   e - Teleport Other                 Translocation                3
   f - Passage of Golubria            Translocation                4
Comestibles
 f - a bread ration
 m - a royal jelly
 o - a slice of pizza


   Skills:
 + Level 2.1 Fighting
 * Level 2.8 Short Blades
 + Level 1.4 Throwing
 * Level 4.1 Dodging
 + Level 3.1 Spellcasting
 + Level 0.0 Charms
 + Level 4.4 Translocations


You had one spell level left.
You knew the following spells:

 Your Spells              Type           Power        Failure   Level  Hunger
a - Shroud of Golubria    Chrm/Tloc      #.........   7%          2    ##.....
b - Lesser Beckoning      Tloc           ##........   4%          3    ###....
k - Blink                 Tloc           N/A          2%          2    ##.....


Dungeon Overview and Level Annotations

Branches:
Dungeon (5/15)
 Temple: D:4-7

Altars:
Fedhas
Gozag
Zin

Annotations:
D:3 Crazy Yiuf


Innate Abilities, Weirdness & Mutations

You are very small and have problems with some larger weapons.
You are too small for most types of armour.
You have supernaturally acute eyesight. (SInv)
You are a herbivore.
You cover ground extremely quickly.
You need consume almost no food.


Message History

You reach down and close the door.
The adder hisses angrily.
Casting: Shroud of Golubria
Confirm with . or Enter, or press ? or * to list all spells.
Space distorts slightly along a thin shroud covering your body.
The adder completely misses you.
You miss the adder. The adder barely misses you.
You closely miss the adder. The adder closely misses you.
You hit the adder.
The adder is heavily wounded.
The adder misses you.
You barely miss the adder.
The adder is heavily wounded.
The adder misses you.
You hit the adder.
The adder is heavily wounded.
The adder barely misses you.
The ogre hits you with a giant spiked club!
Ouch! That really hurt!
You die...

#.......♣♣P..P..##
#......♣P♣.PP....#
#####.P..♣P...♣♣..##
#...###P..P.P♣♣.PP.##
..........#.P♣♣P...#
..........'........#
#...##...###.#.P...##
#...##.O.###.###...##
#.....@.............#
#P.....S.......†....#
#..♣................####
#.P..####.###.####O.##..
#.P♣. #.###.####'###..
#. ♣ ...#........#... .
. ..#......O.#...
.#.†......#... P
#........'...


You could see an ogre and an adder.

Vanquished Creatures
  An adder (D:3)
  An ooze (D:2)
  2 leopard geckos
  A giant cockroach (D:3)
  4 hobgoblins
  5 jackals
  4 kobolds
  A quokka (D:3)
  2 ball pythons
  A bat (D:1)
  4 frilled lizards
  5 goblins (D:1)
31 creatures vanquished.

Notes
Turn   | Place    | Note
-------+----------+-------------------------------------------
     0 | D:1      | Patchouli the Spriggan Warper began the quest for the Orb.
     0 | D:1      | Reached XP level 1. HP: 10/10 MP: 5/5
    70 | D:2      | Reached XP level 2. HP: 7/15 MP: 6/6
    81 | D:2      | Found a blossoming altar of Fedhas.
   105 | D:2      | Learned a level 2 spell: Shroud of Golubria
   108 | D:2      | Learned a level 2 spell: Blink
   157 | D:2      | Found a glowing silver altar of Zin.
   158 | D:2      | Found an opulent altar of Gozag.
   361 | D:3      | Found a runed door.
   365 | D:3      | Noticed Crazy Yiuf
   449 | D:2      | Reached XP level 3. HP: 10/18 MP: 8/8
   454 | D:2      | Learned a level 3 spell: Lesser Beckoning
   847 | D:5      | Entered Level 5 of the Dungeon
   946 | D:4      | Noticed an ogre
   979 | D:4      | Noticed a scorpion
  1006 | D:4      | Slain by an ogre

Skill      XL: |  1  2 |
---------------+-------+-----
Fighting       | 2 |  2.1
Dodging        | 4 |  4.1
Spellcasting   | 3 |  3.1
Short Blades   | |  2.8
Throwing       | |  1.4
Translocations | |  4.4

Action                   || total
-------------------------++-------
Melee: Short sword       ||   165
Throw: Tomahawk          ||     5
 Cast: Shroud of Golubri ||    17
  Use: Scroll            ||     7
       Potion            ||     1
 Stab: Sleeping          ||     1
Armor: Robe              ||    13
Dodge: Dodged            ||   156
